 Dungeon Crawl Stone Soup version 0.14.1-24-gbdbe590 (webtiles) character file.

251 Charly the Insei (level 4, -5/32 HPs)
             Began as a Merfolk Transmuter on June 23, 2014.
             Killed by divine providence
             ... invoked by an orc priest
              (16 damage)
             ... on Level 3 of the Dungeon.
             The game lasted 00:17:51 (2764 turns).

Charly the Insei (Merfolk Transmuter)               Turns: 2764, Time: 00:17:52

HP  -5/32        AC  8     Str 10      XL: 4   Next: 97%
MP   2/8         EV 13     Int 13      God:
Gold 137         SH  0     Dex 14      Spells:  3 memorised,  2 levels left

rFire  . . .     SeeInvis .     b - 46 arrows
rCold  . . .     Clarity  .     c - +0 robe
rNeg   . . .     Conserve .     (no shield)
rPois  .         rCorr    .     (no helmet)
rElec  .         rRot     .     C - +2 cloak
SustAb . .       Spirit   .     (no gloves)
rMut   .         Warding  .     B - +2 pair of boots
Saprov . . .     Stasis   .     (no amulet)
MR     .....                    (no ring)
                                (no ring)

@: not resistant to hostile enchantments, unstealthy
A: change form in water, swift swim
a: no special abilities


You were on level 3 of the Dungeon.
You were very hungry.

You visited 1 branch of the dungeon, and saw 3 of its levels.

You collected 137 gold pieces.

Inventory:

Missiles
 b - 46 arrows (in hand)
 f - 4 javelins (quivered)
 i - 10 arrows of frost
Armour
 c - a +0 robe (worn)
 B - a +2 pair of boots (worn)
 C - a +2 cloak (worn)
Comestibles
 a - a bread ration
 j - a pear
Scrolls
 e - a scroll of enchant weapon I {unknown}
 g - 2 scrolls of identify
Potions
 k - a potion of restore abilities {unknown}
Books
 d - a book of Changes

   Spells                             Type                      Level
   *Beastly Appendage                 Transmutation                1
   *Sticks to Snakes                  Transmutation                2
   *Spider Form                       Transmutation/Poison         3
   Ice Form                           Ice/Transmutation            4
   Blade Hands                        Transmutation                5


   Skills:
 - Level 1.1 Fighting
 - Level 2.6 Dodging
 + Level 5.1 Unarmed Combat
 + Level 2.6 Spellcasting
 + Level 3.7 Transmutations


You had 2 spell levels left.
You knew the following spells:

 Your Spells              Type           Power        Failure   Level  Hunger
b - Beastly Appendage     Trmt           ##....       8%          1    #......
s - Sticks to Snakes      Trmt           ##........   10%         2    ###....
S - Spider Form           Trmt/Pois      #.........   34%         3    ####...


Dungeon Overview and Level Annotations

Branches:
Dungeon (3/15)

Altars:
Sif Muna


Message History

Drink which item? (? for menu, Esc to quit)
Okay, then.
Read which item? (? for menu, Esc to quit)
Okay, then.
b - 49 arrows (in hand)
Casting: Spider Form
Confirm with . or Enter, or press ? or * to list all spells.
You create a snake!
You are feeling very hungry.
Casting: Sticks to Snakes
Confirm with . or Enter, or press ? or * to list all spells.
You create a snake!
Casting: Sticks to Snakes
Confirm with . or Enter, or press ? or * to list all spells.
You create a snake!
You swap places.
The orc priest mumbles some strange prayers to Beogh against you.
Something smites you!
Ouch! That really hurt!
You die...

#.#######%# #...
.....>.....######
#..#
..#####..........#
#
........[.##.#.....
..#
..#####.###.......
... #_..........
.## #.######... .##
#.# #. ... #@####
### ##### #.SSS#
.......#.##.## .
...?.....#...###.#
#.####.##%...o##.#
.............##.#
.......#.....##.#
.####..##.....#.#
#....o....#.#


You could see an orc priest and 3 friendly ball pythons.

Vanquished Creatures
  An orc wizard (D:3)
  Ijyb (D:2)
  2 adders (D:2)
  2 worms
  4 orcs (D:3)
  2 bats
  4 goblins
  6 hobgoblins
  A giant cockroach (D:1)
  A giant newt (D:1)
  9 jackals
  7 kobolds
  6 rats
46 creatures vanquished.

Notes
Turn   | Place    | Note
--------------------------------------------------------------
     0 | D:1      | Charly, the Merfolk Transmuter, began the quest for the Orb.
     0 | D:1      | Reached XP level 1. HP: 15/15 MP: 3/3
   830 | D:1      | Reached XP level 2. HP: 15/21 MP: 4/4
  1045 | D:2      | Learned a level 2 spell: Sticks to Snakes
  1184 | D:2      | Noticed Ijyb
  1229 | D:2      | Killed Ijyb
  1229 | D:2      | Reached skill level 4 in Unarmed Combat
  1229 | D:2      | Reached XP level 3. HP: 14/26 MP: 1/6
  1990 | D:2      | Learned a level 3 spell: Spider Form
  2069 | D:2      | Reached XP level 4. HP: 29/32 MP: 8/8
  2521 | D:3      | Found a deep blue altar of Sif Muna.
  2680 | D:3      | Reached skill level 5 in Unarmed Combat
  2764 | D:3      | Killed from afar by an orc priest

Action                   |  1- 3 |  4- 6 || total
-------------------------+-------+-------++-------
Melee: Unarmed           |   122 |    69 ||   191
Throw: Javelin           |       |     1 ||     1
 Cast: Sticks to Snakes  |     7 |     3 ||    10
       Beastly Appendage |     2 |     2 ||     4
       Spider Form       |       |     2 ||     2
  Use: Scroll            |     3 |       ||     3
       Potion            |     2 |     1 ||     3
